Admirals NSH vs Reign

Created - Monday, January 25, 2016 at 12:16

Goals
1 2 3 T
Admirals NSH 1 0 1 2
Reign 0 1 0 1
Shots
1 2 3 T
Admirals NSH 9 11 12 32
Reign 9 9 11 29

1st period

1. Admirals NSH , Brian Lashoff 12 (Mike Blunden) at 18:50 (PP)

Penalties :
Davis Drewiske (ONT) for Fighting (Major) at 1:09, Brody Sutter (MIL) for Fighting (Major) at 1:09, Tim Gleason (MIL) for Goalie Interference (Minor) at 2:16, Cameron Schilling (MIL) for Holding (Minor) at 13:04, Taylor Doherty (ONT) for Fighting (Major) at 15:32, Frazer McLaren (MIL) for Fighting (Major) at 15:32, Frazer McLaren (MIL) for instigated a fight (Minor) at 15:32, Frazer McLaren (MIL) for instigated a fight (10 Minutes Misconduct) at 15:32, Cody Beach (ONT) for Delaying the game (Minor) at 17:51

2nd period

2. Reign , Teuvo Teravainen 8 (Joe Morrow, Matej Stransky) at 12:56

Penalties :
Luke Gazdic (ONT) for Fighting (Major) at 1:19, Pierre-Cedric Labrie (MIL) for Fighting (Major) at 1:19, Michael Pelech (MIL) for Cross-checking (Minor) at 7:26

3rd period

3. Admirals NSH , Mike Blunden 3 (Brian Lashoff) at 3:21 (PP)

Penalties :
Taylor Doherty (ONT) for Fighting (Major) at 1:46, Michael Pelech (MIL) for Fighting (Major) at 1:46, Taylor Doherty (ONT) for instigated a fight (Minor) at 1:46, Taylor Doherty (ONT) for instigated a fight (10 Minutes Misconduct) at 1:46, Paul Bissonnette (MIL) for Slashing (Minor) at 6:34

Goalie Stats

Chad Johnson (MIL), 28 saves from 29 shots - (0.966), W, 19-6-5, 60:00 minutes
Troy Grosenick (ONT), 30 saves from 32 shots - (0.938), L, 23-13-15, 59:54 minutes

Players Stats for Admirals NSH

Player Name              G  A  P  +/- PIM S  H  SB GA TA FO     MP     PP MP  PK MP  
------------------------------------------------------------------------------------
Andrew Desjardins        0  0  0  -1  0   2  2  1  2  1  5/18   22:19   1:25   4:57 
Ben Sexton               0  0  0  -1  0   1  1  0  0  0  3/4     8:10   0:00   1:35 
Brad Winchester          0  0  0   0  0   0  1  0  0  0  0/0     7:13   0:00   0:38 
Brian Lashoff            1  1  2   0  0   5  0  3  3  3  0/0    24:00   1:49   5:23 
Brody Sutter             0  0  0   0  5   5  2  0  1  1  4/8    19:05   1:08   2:21 
Cameron Schilling        0  0  0   0  2   0  1  1  0  1  0/0    12:03   0:00   4:32 
Eric Faille              0  0  0   0  0   1  1  0  1  1  0/1    15:29   0:00   0:00 
Frazer McLaren           0  0  0   0  17  0  2  0  0  0  1/1    13:09   0:00   1:12 
Fredrik Claesson         0  0  0   0  0   0  0  0  0  0  0/0    13:26   0:44   0:00 
Michael Pelech           0  0  0   0  7   1  0  0  2  0  1/1    14:49   0:16   0:11 
Mike Blunden             1  1  2  -1  0   6  0  0  3  0  1/3    22:12   1:25   6:07 
Nikita Nesterov          0  0  0  -1  0   7  2  0  3  2  0/0    20:36   0:44   5:59 
Oliver Lauridsen         0  0  0   0  0   0  0  0  0  0  0/0     0:00   0:00   0:00 
Paul Bissonnette         0  0  0   0  2   0  1  0  0  0  1/1    11:06   0:00   0:00 
Pierre-Cedric Labrie     0  0  0   0  5   0  0  0  1  0  1/2    17:55   1:08   3:00 
Tim Gleason              0  0  0  -1  2   2  2  2  1  3  0/0    22:59   0:00   0:00 
Victor Bartley           0  0  0   0  0   1  0  3  1  2  0/0    27:03   1:49   3:56 
Wade Megan               0  0  0   0  0   1  0  0  0  0  6/12   18:29   2:17   0:00 

Players Stats for Reign

Player Name              G  A  P  +/- PIM S  H  SB GA TA FO     MP     PP MP  PK MP  
------------------------------------------------------------------------------------
Brett Olson              0  0  0   0  0   3  2  0  2  2  8/16   20:28   5:12   0:00 
Brian McGrattan          0  0  0   0  0   3  4  0  1  0  1/1    20:24   5:12   0:00 
C.J. Stretch             0  0  0   0  0   0  0  1  0  0  1/2     4:17   0:00   0:08 
Cody Beach               0  0  0   1  2   0  4  0  1  0  0/0    14:45   0:00   0:00 
Davis Drewiske           0  0  0   0  5   1  2  1  0  2  0/0    24:46   3:44   0:29 
Jake McCabe              0  0  0   0  0   0  0  1  0  0  0/0     6:30   1:48   0:00 
Jared Knight             0  0  0   0  0   0  1  0  0  0  0/0     3:52   0:00   0:00 
Jason Jaffray            0  0  0   0  0   4  2  0  5  0  0/0    20:35   5:12   0:00 
Joe Morrow               0  1  1   1  0   6  0  5  3  5  0/0    27:03   5:04   2:04 
Jordan Hill              0  0  0   0  0   0  0  0  0  0  0/0     0:00   0:00   0:00 
Justin Falk              0  0  0   1  0   0  1  1  1  1  0/0    26:47   4:24   2:04 
Luke Gazdic              0  0  0   0  5   0  2  1  4  0  0/0    17:43   4:43   0:00 
Matej Stransky           0  1  1   1  0   3  0  0  1  1  1/1    15:41   0:28   0:00 
Nathan Paetsch           0  0  0   0  0   2  2  1  1  1  0/0    24:24   4:50   0:29 
Taylor Doherty           0  0  0   0  22  1  0  0  1  0  0/0    10:25   0:00   0:00 
Teuvo Teravainen         1  0  1   1  0   4  0  0  0  0  5/9    14:10   0:00   0:19 
Tom Kostopoulos          0  0  0   0  0   2  1  1  0  0  1/2    22:14   4:43   2:33 
William Karlsson         0  0  0   0  0   0  2  0  1  1  11/20  23:13   4:15   2:06 

3 Stars

1 - Chad Johnson (MIL)
2 - Brian Lashoff (MIL)
3 - Teuvo Teravainen (ONT)

Power Play

Admirals NSH - 2 on 2 Attempt(s) - 100.00%
Reign - 0 on 5 Attempt(s) - 0.00%

Penalty Kill

Admirals NSH - 5 on 5 Attempt(s) - 100.00% - Score 0 goal in Penalty Kill
Reign - 0 on 2 Attempt(s) - 0.00% - Score 0 goal in Penalty Kill

Team Stat

Admirals NSH - Hits : 15 - Faceoff Wins : 23 - Blocked Shots : 10 - Penalty Minutes : 40
Reign - Hits : 23 - Faceoff Wins : 28 - Blocked Shots : 12 - Penalty Minutes : 34

Official

Referees : Unknown
Linesman : Unknown

Game Notes

Davis Drewiske beats up Brody Sutter at 1:09 of 1st period
Frazer McLaren beats up Taylor Doherty at 15:32 of 1st period
C.J. Stretch is injured at 18:08 of 1st period (Strained Left Elbow)
Luke Gazdic and Pierre-Cedric Labrie fight to a draw at 1:19 of 2nd period
Michael Pelech beats up Taylor Doherty at 1:46 of 3rd period

Finance

Level 1 -- Attendance: 1468 (73.40%) -- Ticket Income $44,040
Level 2 -- Attendance: 810 (81.00%) -- Ticket Income $9,720
Total Attendance: 2278 (75.93%)
Total Ticket Income: $53,760
Other Income: $26,342
Total Income: $80,102

Admirals NSH

5 vs 5 Forward 
   Center                   Left Wing                Right Wing               Time % Phy DF OF 
 1 Andrew Desjardins        Mike Blunden             Paul Bissonnette         28     1   2  2  
 2 Brody Sutter             Pierre-Cedric Labrie     Michael Pelech           28     1   2  2  
 3 Wade Megan               Frazer McLaren           Eric Faille              27     1   2  2  
 4 Ben Sexton               Andrew Desjardins        Mike Blunden             17     1   2  2  

5 vs 5 Defense 
   Defense                  Defense                                           Time % Phy DF OF 
 1 Victor Bartley           Brian Lashoff                                     35     1   2  2  
 2 Tim Gleason              Nikita Nesterov                                   30     1   2  2  
 3 Fredrik Claesson         Tim Gleason                                       22     1   2  2  
 4 Cameron Schilling        Victor Bartley                                    13     1   2  2  

PowerPlay Forward 
   Center                   Left Wing                Right Wing               Time % Phy DF OF 
 1 Andrew Desjardins        Mike Blunden             Wade Megan               60     1   2  2  
 2 Brody Sutter             Pierre-Cedric Labrie     Michael Pelech           40     1   2  2  

PowerPlay Defense
   Defense                  Defense                                           Time % Phy DF OF 
 1 Victor Bartley           Brian Lashoff                                     60     1   2  2  
 2 Fredrik Claesson         Nikita Nesterov                                   40     1   2  2  

Penalty Kill 4 Players Forward 
   Center                   Wing                     Time % Phy DF OF 
 1 Andrew Desjardins        Mike Blunden             60     1   2  2  
 2 Pierre-Cedric Labrie     Brody Sutter             40     1   2  2  

Penalty Kill 4 Players Defense
   Defense                  Defense                  Time % Phy DF OF 
 1 Victor Bartley           Brian Lashoff            60     1   2  2  
 2 Cameron Schilling        Nikita Nesterov          40     1   2  2  

Penalty Kill - 3 Players Forward 
   Forward                                           Time % Phy DF OF 
 1 Andrew Desjardins                                 60     1   2  2  
 2 Mike Blunden                                      40     1   2  2  

Penalty Kill - 3 Players Defense
   Defense                  Defense                  Time % Phy DF OF 
 1 Victor Bartley           Brian Lashoff            60     1   2  2  
 2 Fredrik Claesson         Nikita Nesterov          40     1   2  2  

4 vs 4 Forward 
   Center                   Wing                     Time % Phy DF OF 
 1 Andrew Desjardins        Mike Blunden             60     1   2  2  
 2 Eric Faille              Brody Sutter             40     1   2  2  

4 vs 4 Defense
   Defense                  Defense                  Time % Phy DF OF 
 1 Victor Bartley           Brian Lashoff            60     1   2  2  
 2 Tim Gleason              Nikita Nesterov          40     1   2  2  

Last Minutes Offensive
   Center                   Left Wing                Right Wing               Defense                  Defense                  
   Andrew Desjardins        Mike Blunden             Brody Sutter             Victor Bartley           Brian Lashoff            

Last Minutes Defensive
   Center                   Left Wing                Right Wing               Defense                  Defense                  
   Andrew Desjardins        Mike Blunden             Brody Sutter             Victor Bartley           Brian Lashoff            

Goaltenders
Starting : Chad Johnson             
Backup : Johan Gustafsson         

Extra Forwards
Normal : Wade Megan, Eric Faille, Frazer McLaren - PP : Wade Megan, Eric Faille - PK : Frazer McLaren
Extra Defensemen
Normal : Fredrik Claesson, Victor Bartley, Cameron Schilling - PP : Fredrik Claesson - PK : Brian Lashoff, Cameron Schilling
Penalty Shots
Andrew Desjardins, Mike Blunden, Frazer McLaren, Brody Sutter, Pierre-Cedric Labrie

Reign

5 vs 5 Forward 
   Center                   Left Wing                Right Wing               Time % Phy DF OF 
 1 William Karlsson         Luke Gazdic              Tom Kostopoulos          35     1   2  2  
 2 Brett Olson              Jason Jaffray            Brian McGrattan          30     1   2  2  
 3 C.J. Stretch             Cody Beach               Matej Stransky           22     1   2  2  
 4 Teuvo Teravainen         William Karlsson         Jared Knight             13     1   2  2  

5 vs 5 Defense 
   Defense                  Defense                                           Time % Phy DF OF 
 1 Joe Morrow               Justin Falk                                       35     1   2  2  
 2 Nathan Paetsch           Davis Drewiske                                    30     1   2  2  
 3 Davis Drewiske           Taylor Doherty                                    22     1   2  2  
 4 Joe Morrow               Justin Falk                                       13     1   2  2  

PowerPlay Forward 
   Center                   Left Wing                Right Wing               Time % Phy DF OF 
 1 William Karlsson         Luke Gazdic              Tom Kostopoulos          60     1   2  2  
 2 Brett Olson              Jason Jaffray            Brian McGrattan          40     1   2  2  

PowerPlay Defense
   Defense                  Defense                                           Time % Phy DF OF 
 1 Joe Morrow               Justin Falk                                       60     1   2  2  
 2 Nathan Paetsch           Davis Drewiske                                    40     1   2  2  

Penalty Kill 4 Players Forward 
   Center                   Wing                     Time % Phy DF OF 
 1 William Karlsson         Tom Kostopoulos          60     1   2  2  
 2 Luke Gazdic              Jason Jaffray            40     1   2  2  

Penalty Kill 4 Players Defense
   Defense                  Defense                  Time % Phy DF OF 
 1 Joe Morrow               Justin Falk              60     1   2  2  
 2 Nathan Paetsch           Davis Drewiske           40     1   2  2  

Penalty Kill - 3 Players Forward 
   Forward                                           Time % Phy DF OF 
 1 William Karlsson                                  60     1   2  2  
 2 Tom Kostopoulos                                   40     1   2  2  

Penalty Kill - 3 Players Defense
   Defense                  Defense                  Time % Phy DF OF 
 1 Joe Morrow               Justin Falk              60     1   2  2  
 2 Nathan Paetsch           Davis Drewiske           40     1   2  2  

4 vs 4 Forward 
   Center                   Wing                     Time % Phy DF OF 
 1 William Karlsson         Tom Kostopoulos          60     1   2  2  
 2 Luke Gazdic              Jason Jaffray            40     1   2  2  

4 vs 4 Defense
   Defense                  Defense                  Time % Phy DF OF 
 1 Joe Morrow               Justin Falk              60     1   2  2  
 2 Nathan Paetsch           Taylor Doherty           40     1   2  2  

Last Minutes Offensive
   Center                   Left Wing                Right Wing               Defense                  Defense                  
   William Karlsson         Luke Gazdic              Tom Kostopoulos          Joe Morrow               Justin Falk              

Last Minutes Defensive
   Center                   Left Wing                Right Wing               Defense                  Defense                  
   William Karlsson         Luke Gazdic              Tom Kostopoulos          Joe Morrow               Justin Falk              

Goaltenders
Starting : Troy Grosenick           
Backup : Anthony Peters           

Extra Forwards
Normal : William Karlsson, Matej Stransky, C.J. Stretch - PP : William Karlsson, Matej Stransky - PK : C.J. Stretch
Extra Defensemen
Normal : Davis Drewiske, Taylor Doherty, Nathan Paetsch - PP : Davis Drewiske - PK : Taylor Doherty, Nathan Paetsch
Penalty Shots
William Karlsson, Tom Kostopoulos, Luke Gazdic, Jason Jaffray, Brian McGrattan

% Time on Ice - Admirals NSH

Lines # - Real PCT - Wanted PCT - Time Play
Normal Forward
1 - 23% - 28% - 10:38
2 - 35% - 28% - 16:15
3 - 31% - 27% - 14:22
4 - 12% - 17% - 5:43
Normal Defense
1 - 35% - 35% - 16:15
2 - 30% - 30% - 13:53
3 - 21% - 22% - 9:42
4 - 15% - 13% - 7:08
PP Forward
1 - 55% - 60% - 1:25
2 - 45% - 40% - 1:09
PP Defense
1 - 71% - 60% - 1:49
2 - 29% - 40% - 0:45
PK Forward
1 - 70% - 60% - 6:55
2 - 30% - 40% - 3:00
PK Defense
1 - 40% - 60% - 3:56
2 - 60% - 40% - 5:59
PK3 Forward
1 - 0% - 60%
2 - 0% - 40%
PK3 Defense
1 - 0% - 60%
2 - 0% - 40%
44 Forward
1 - 0% - 60%
2 - 0% - 40%
44 Defense
1 - 0% - 60%
2 - 0% - 40%
Last Minute Offensive  - 0:00
Last Minute Defensive  - 0:33
Total
Forward - 60:00
Defense - 60:00

% Time on Ice - Reign

Lines # - Real PCT - Wanted PCT - Time Play
Normal Forward
1 - 29% - 35% - 13:31
2 - 31% - 30% - 14:20
3 - 32% - 22% - 14:54
4 - 8% - 13% - 3:52
Normal Defense
1 - 36% - 35% - 16:45
2 - 28% - 30% - 12:57
3 - 30% - 22% - 14:08
4 - 6% - 13% - 2:47
PP Forward
1 - 48% - 60% - 4:43
2 - 52% - 40% - 5:12
PP Defense
1 - 51% - 60% - 5:05
2 - 49% - 40% - 4:50
PK Forward
1 - 100% - 60% - 2:34
2 - 0% - 40% - 0:00
PK Defense
1 - 81% - 60% - 2:05
2 - 19% - 40% - 0:29
PK3 Forward
1 - 0% - 60%
2 - 0% - 40%
PK3 Defense
1 - 0% - 60%
2 - 0% - 40%
44 Forward
1 - 0% - 60%
2 - 0% - 40%
44 Defense
1 - 0% - 60%
2 - 0% - 40%
Last Minute Offensive  - 0:54
Last Minute Defensive  - 0:00
Total
Forward - 60:00
Defense - 60:00

Play by Play

1st period


0:01 of 1st period - William Karlsson wins face-off versus Mike Blunden in neutral zone.
0:06 of 1st period - Wrist shot by Tom Kostopoulos.
0:06 of 1st period - Shot Blocked by Brian Lashoff.
0:08 of 1st period - Slapshot by Joe Morrow.
0:08 of 1st period - Stopped by Chad Johnson with a rebound.
0:10 of 1st period - Snap shot by Tom Kostopoulos.
0:10 of 1st period - Shot Blocked by Andrew Desjardins.
0:12 of 1st period - Slapshot by Joe Morrow.
0:12 of 1st period - Shot Misses the Net.
0:16 of 1st period - Slapshot by Joe Morrow.
0:16 of 1st period - Deflect By Luke Gazdic.
0:16 of 1st period - Shot Blocked by Victor Bartley.
0:16 of 1st period - Puck is out of play.
0:17 of 1st period - William Karlsson wins face-off versus Andrew Desjardins in Admirals NSH zone.
0:24 of 1st period - Slapshot by Andrew Desjardins.
0:24 of 1st period - Stopped by Troy Grosenick without a rebound.
0:25 of 1st period - Brett Olson wins face-off versus Brody Sutter in Reign zone.
0:56 of 1st period - Wrist shot by Brian McGrattan.
0:56 of 1st period - Stopped by Chad Johnson with a rebound.
0:58 of 1st period - Slapshot by Nathan Paetsch.
0:58 of 1st period - Shot Misses the Net.
1:00 of 1st period - Snap shot by Brett Olson.
1:00 of 1st period - Deflect By Jason Jaffray.
1:00 of 1st period - Stopped by Chad Johnson with a rebound.
1:02 of 1st period - Slapshot by Brett Olson.
1:02 of 1st period - Shot Misses the Net.
1:09 of 1st period - Davis Drewiske beats up Brody Sutter.
1:09 of 1st period - Penalty to Davis Drewiske for Fighting.
1:09 of 1st period - Penalty to Brody Sutter for Fighting.
1:10 of 1st period - C.J. Stretch wins face-off versus Wade Megan in neutral zone.
2:14 of 1st period - Wrist shot by Teuvo Teravainen.
2:14 of 1st period - Stopped by Chad Johnson with a rebound.
2:16 of 1st period - Minor Penalty to Tim Gleason for Goalie Interference.
2:17 of 1st period - William Karlsson wins face-off versus Andrew Desjardins in Admirals NSH zone.
3:08 of 1st period - Wrist shot by Brian McGrattan.
3:08 of 1st period - Stopped by Chad Johnson without a rebound.
3:09 of 1st period - Brett Olson wins face-off versus Pierre-Cedric Labrie in Admirals NSH zone.
3:36 of 1st period - Snap shot by Jason Jaffray.
3:36 of 1st period - Stopped by Chad Johnson with a rebound.
3:38 of 1st period - Slapshot by Nathan Paetsch.
3:38 of 1st period - Stopped by Chad Johnson with a rebound.
3:40 of 1st period - Wrist shot by Brian McGrattan.
3:40 of 1st period - Shot Misses the Net.
4:16 of 1st period - Penalty to Tim Gleason is over, Tim Gleason is back on ice.
6:18 of 1st period - Slapshot by Nikita Nesterov.
6:18 of 1st period - Shot Misses the Net.
6:20 of 1st period - Slapshot by Victor Bartley.
6:20 of 1st period - Shot Blocked by Luke Gazdic.
6:56 of 1st period - Victor Bartley is hit by Davis Drewiske and loses puck.
7:15 of 1st period - Tim Gleason is hit by Luke Gazdic and loses puck.
7:42 of 1st period - Brian Lashoff is hit by Jared Knight.
9:08 of 1st period - Slapshot by Victor Bartley.
9:08 of 1st period - Shot Misses the Net.
10:32 of 1st period - Snap shot by Brody Sutter.
10:32 of 1st period - Stopped by Troy Grosenick with a rebound.
10:34 of 1st period - Snap shot by Nikita Nesterov.
10:34 of 1st period - Shot Blocked by Jake McCabe.
10:50 of 1st period - Slapshot by Tim Gleason.
10:50 of 1st period - Shot Blocked by Nathan Paetsch.
10:52 of 1st period - Slapshot by Nikita Nesterov.
10:52 of 1st period - Stopped by Troy Grosenick with a rebound.
10:54 of 1st period - Snap shot by Brad Winchester.
10:54 of 1st period - Deflect By Ben Sexton.
10:54 of 1st period - Stopped by Troy Grosenick without a rebound.
10:55 of 1st period - Ben Sexton wins face-off versus C.J. Stretch in Reign zone.
11:44 of 1st period - Backhand shot by Brett Olson.
11:44 of 1st period - Shot Blocked by Brian Lashoff.
11:46 of 1st period - Wrist shot by Brett Olson.
11:46 of 1st period - Stopped by Chad Johnson without a rebound.
11:47 of 1st period - Brett Olson wins face-off versus Andrew Desjardins in Admirals NSH zone.
12:02 of 1st period - Snap shot by Mike Blunden.
12:02 of 1st period - Stopped by Troy Grosenick with a rebound.
13:04 of 1st period - Minor Penalty to Cameron Schilling for Holding.
13:05 of 1st period - Brett Olson wins face-off versus Ben Sexton in Admirals NSH zone.
13:57 of 1st period - Brett Olson is hit by Nikita Nesterov and loses puck.
14:04 of 1st period - Wrist shot by Brett Olson.
14:04 of 1st period - Shot Blocked by Brian Lashoff.
14:06 of 1st period - Slapshot by Joe Morrow.
14:06 of 1st period - Deflect By Jason Jaffray.
14:06 of 1st period - Shot Misses the Net.
14:06 of 1st period - Puck is out of play.
14:07 of 1st period - Brian McGrattan wins face-off versus Andrew Desjardins in Admirals NSH zone.
14:22 of 1st period - Slapshot by Nikita Nesterov.
14:22 of 1st period - Stopped by Troy Grosenick with a rebound.
14:25 of 1st period - Icing by Joe Morrow.
14:26 of 1st period - William Karlsson wins face-off versus Andrew Desjardins in Reign zone.
14:26 of 1st period - William Karlsson is hit by Nikita Nesterov.
15:04 of 1st period - Penalty to Cameron Schilling is over, Cameron Schilling is back on ice.
15:13 of 1st period - Wrist shot by William Karlsson.
15:13 of 1st period - Deflect By Tom Kostopoulos.
15:13 of 1st period - Shot Blocked by Cameron Schilling.
15:13 of 1st period - Puck is out of play.
15:14 of 1st period - William Karlsson wins face-off versus Eric Faille in Admirals NSH zone.
15:21 of 1st period - Wrist shot by Luke Gazdic.
15:21 of 1st period - Shot Misses the Net.
15:32 of 1st period - Frazer McLaren beats up Taylor Doherty.
15:32 of 1st period - Penalty to Taylor Doherty for Fighting.
15:32 of 1st period - Penalty to Frazer McLaren for Fighting.
15:32 of 1st period - Penalty to Frazer McLaren for instigated a fight.
15:32 of 1st period - Penalty to Frazer McLaren for instigated a fight.
15:33 of 1st period - Andrew Desjardins wins face-off versus Brett Olson in Admirals NSH zone.
15:46 of 1st period - Mike Blunden is hit by Brian McGrattan.
15:52 of 1st period - Nikita Nesterov is hit by Jason Jaffray and loses puck.
15:57 of 1st period - Wrist shot by Brett Olson.
15:57 of 1st period - Shot Misses the Net.
15:59 of 1st period - Wrist shot by Davis Drewiske.
15:59 of 1st period - Stopped by Chad Johnson with a rebound.
17:08 of 1st period - Brad Winchester is hit by William Karlsson.
17:32 of 1st period - Penalty to Frazer McLaren is over, Andrew Desjardins is send on ice.
17:51 of 1st period - Minor Penalty to Cody Beach for Delaying the game.
17:52 of 1st period - Michael Pelech wins face-off versus William Karlsson in Reign zone.
18:06 of 1st period - Slapshot by Nikita Nesterov.
18:06 of 1st period - Deflect By Brody Sutter.
18:06 of 1st period - Stopped by Troy Grosenick with a rebound.
18:08 of 1st period - Slapshot by Nikita Nesterov.
18:08 of 1st period - Shot Blocked by C.J. Stretch.
18:08 of 1st period - C.J. Stretch from Reign is injured at 18:08 of 1st period (Strained Left Elbow).
18:09 of 1st period - William Karlsson wins face-off versus Andrew Desjardins in Reign zone.
18:09 of 1st period - William Karlsson is hit by Andrew Desjardins.
18:28 of 1st period - Off-side.
18:29 of 1st period - William Karlsson wins face-off versus Andrew Desjardins in neutral zone.
18:50 of 1st period - Snap shot by Brian Lashoff.
18:50 of 1st period - Goal by Brian Lashoff - Admirals NSH : 1 - Reign : 0.
18:51 of 1st period - Brett Olson wins face-off versus Brody Sutter in neutral zone.
19:20 of 1st period - Snap shot by Brody Sutter.
19:20 of 1st period - Shot Misses the Net.
19:57 of 1st period - Slapshot by Mike Blunden.
19:57 of 1st period - Stopped by Troy Grosenick with a rebound.
19:59 of 1st period - Slapshot by Nikita Nesterov.
19:59 of 1st period - Shot Blocked by Tom Kostopoulos.
Goals for this period are 1 for Admirals NSH vs 0 for Reign.
Shots for this period are 9 for Admirals NSH vs 9 for Reign.

2nd period


0:01 of 2nd period - Paul Bissonnette wins face-off versus William Karlsson in neutral zone.
0:04 of 2nd period - Slapshot by Nikita Nesterov.
0:04 of 2nd period - Deflect By Joe Morrow.
0:04 of 2nd period - Stopped by Troy Grosenick with a rebound.
0:06 of 2nd period - Snap shot by Mike Blunden.
0:06 of 2nd period - Stopped by Troy Grosenick with a rebound.
0:08 of 2nd period - Wrist shot by Tim Gleason.
0:08 of 2nd period - Deflect By Mike Blunden.
0:08 of 2nd period - Shot Misses the Net.
0:08 of 2nd period - Puck is out of play.
0:09 of 2nd period - Andrew Desjardins wins face-off versus William Karlsson in Reign zone.
0:20 of 2nd period - Slapshot by Tim Gleason.
0:20 of 2nd period - Shot Misses the Net.
0:22 of 2nd period - Slapshot by Tim Gleason.
0:22 of 2nd period - Shot Blocked by Justin Falk.
0:24 of 2nd period - Slapshot by Tim Gleason.
0:24 of 2nd period - Shot Misses the Net.
0:26 of 2nd period - Slapshot by Tim Gleason.
0:26 of 2nd period - Stopped by Troy Grosenick with a rebound.
0:28 of 2nd period - Slapshot by Tim Gleason.
0:28 of 2nd period - Deflect By Mike Blunden.
0:28 of 2nd period - Shot Misses the Net.
0:28 of 2nd period - Puck is out of play.
0:29 of 2nd period - Wade Megan wins face-off versus Brett Olson in Reign zone.
0:36 of 2nd period - Snap shot by Brett Olson.
0:36 of 2nd period - Stopped by Chad Johnson with a rebound.
0:58 of 2nd period - Snap shot by Andrew Desjardins.
0:58 of 2nd period - Shot Blocked by Davis Drewiske.
1:00 of 2nd period - Wrist shot by Wade Megan.
1:00 of 2nd period - Stopped by Troy Grosenick with a rebound.
1:15 of 2nd period - Off-side.
1:16 of 2nd period - Brody Sutter wins face-off versus William Karlsson in neutral zone.
1:19 of 2nd period - Luke Gazdic and Pierre-Cedric Labrie fight to a draw.
1:19 of 2nd period - Penalty to Luke Gazdic for Fighting.
1:19 of 2nd period - Penalty to Pierre-Cedric Labrie for Fighting.
1:20 of 2nd period - William Karlsson wins face-off versus Wade Megan in Reign zone.
1:50 of 2nd period - Off-side.
1:51 of 2nd period - Wade Megan wins face-off versus Brett Olson in neutral zone.
3:48 of 2nd period - Davis Drewiske is hit by Brad Winchester and loses puck.
4:11 of 2nd period - Snap shot by Brody Sutter.
4:11 of 2nd period - Shot Blocked by Joe Morrow.
4:58 of 2nd period - Wrist shot by Teuvo Teravainen.
4:58 of 2nd period - Shot Misses the Net.
5:00 of 2nd period - Slapshot by Matej Stransky.
5:00 of 2nd period - Stopped by Chad Johnson without a rebound.
5:01 of 2nd period - Teuvo Teravainen wins face-off versus Mike Blunden in Admirals NSH zone.
5:04 of 2nd period - Slapshot by Cody Beach.
5:04 of 2nd period - Shot Misses the Net.
5:26 of 2nd period - Mike Blunden is hit by Cody Beach and loses puck.
6:23 of 2nd period - Wrist shot by Teuvo Teravainen.
6:23 of 2nd period - Shot Misses the Net.
6:25 of 2nd period - Snap shot by Teuvo Teravainen.
6:25 of 2nd period - Stopped by Chad Johnson with a rebound.
6:27 of 2nd period - Slapshot by Nathan Paetsch.
6:27 of 2nd period - Deflect By Tim Gleason.
6:27 of 2nd period - Stopped by Chad Johnson with a rebound.
6:45 of 2nd period - Slapshot by Victor Bartley.
6:45 of 2nd period - Deflect By Eric Faille.
6:45 of 2nd period - Stopped by Troy Grosenick with a rebound.
6:53 of 2nd period - Slapshot by Victor Bartley.
6:53 of 2nd period - Deflect By Eric Faille.
6:53 of 2nd period - Shot Misses the Net.
6:53 of 2nd period - Puck is out of play.
6:54 of 2nd period - Wade Megan wins face-off versus Teuvo Teravainen in Reign zone.
7:26 of 2nd period - Minor Penalty to Michael Pelech for Cross-checking.
7:27 of 2nd period - Andrew Desjardins wins face-off versus William Karlsson in Admirals NSH zone.
7:36 of 2nd period - Mike Blunden is hit by Justin Falk and loses puck.
8:12 of 2nd period - Snap shot by Nikita Nesterov.
8:12 of 2nd period - Stopped by Troy Grosenick without a rebound.
8:13 of 2nd period - Ben Sexton wins face-off versus Brett Olson in Reign zone.
8:14 of 2nd period - Slapshot by Brian Lashoff.
8:14 of 2nd period - Shot Misses the Net.
8:22 of 2nd period - Slapshot by Joe Morrow.
8:22 of 2nd period - Stopped by Chad Johnson with a rebound.
8:47 of 2nd period - Backhand shot by Nikita Nesterov.
8:47 of 2nd period - Stopped by Troy Grosenick with a rebound.
9:17 of 2nd period - Nikita Nesterov is hit by Nathan Paetsch and loses puck.
9:26 of 2nd period - Penalty to Michael Pelech is over, Michael Pelech is back on ice.
9:40 of 2nd period - Slapshot by Tim Gleason.
9:40 of 2nd period - Deflect By Andrew Desjardins.
9:40 of 2nd period - Stopped by Troy Grosenick without a rebound.
9:41 of 2nd period - Matej Stransky wins face-off versus Wade Megan in Reign zone.
9:41 of 2nd period - Matej Stransky is hit by Andrew Desjardins.
10:01 of 2nd period - Wrist shot by Matej Stransky.
10:01 of 2nd period - Deflect By Teuvo Teravainen.
10:01 of 2nd period - Shot Misses the Net.
10:01 of 2nd period - Puck is out of play.
10:02 of 2nd period - Teuvo Teravainen wins face-off versus Wade Megan in Admirals NSH zone.
10:32 of 2nd period - 10 Minutes Misconduct Penalty to Frazer McLaren is over.
10:48 of 2nd period - Slapshot by Tim Gleason.
10:48 of 2nd period - Shot Misses the Net.
10:50 of 2nd period - Snap shot by Brody Sutter.
10:50 of 2nd period - Stopped by Troy Grosenick with a rebound.
10:52 of 2nd period - Slapshot by Tim Gleason.
10:52 of 2nd period - Shot Misses the Net.
12:20 of 2nd period - Off-side.
12:21 of 2nd period - Ben Sexton wins face-off versus Brett Olson in neutral zone.
12:50 of 2nd period - Wrist shot by Matej Stransky.
12:50 of 2nd period - Stopped by Chad Johnson with a rebound.
12:56 of 2nd period - Wrist shot by Teuvo Teravainen.
12:56 of 2nd period - Goal by Teuvo Teravainen - Admirals NSH : 1 - Reign : 1.
12:57 of 2nd period - William Karlsson wins face-off versus Brody Sutter in neutral zone.
13:28 of 2nd period - Victor Bartley is hit by Davis Drewiske and loses puck.
13:49 of 2nd period - Snap shot by Jason Jaffray.
13:49 of 2nd period - Shot Hit the Post.
14:06 of 2nd period - Tim Gleason is hit by Cody Beach.
14:46 of 2nd period - Luke Gazdic is hit by Tim Gleason and loses puck.
14:51 of 2nd period - Snap shot by Mike Blunden.
14:51 of 2nd period - Stopped by Troy Grosenick with a rebound.
14:53 of 2nd period - Slapshot by Tim Gleason.
14:53 of 2nd period - Shot Misses the Net.
15:13 of 2nd period - Nathan Paetsch is hit by Frazer McLaren and loses puck.
15:20 of 2nd period - Slapshot by Taylor Doherty.
15:20 of 2nd period - Deflect By Fredrik Claesson.
15:20 of 2nd period - Stopped by Chad Johnson with a rebound.
15:22 of 2nd period - Slapshot by Nathan Paetsch.
15:22 of 2nd period - Shot Misses the Net.
15:24 of 2nd period - Snap shot by Brett Olson.
15:24 of 2nd period - Shot Blocked by Tim Gleason.
15:26 of 2nd period - Snap shot by Nathan Paetsch.
15:26 of 2nd period - Shot Blocked by Tim Gleason.
16:40 of 2nd period - Slapshot by Joe Morrow.
16:40 of 2nd period - Stopped by Chad Johnson with a rebound.
16:46 of 2nd period - Justin Falk is hit by Paul Bissonnette and loses puck.
17:07 of 2nd period - Luke Gazdic is hit by Eric Faille and loses puck.
17:32 of 2nd period - Brian Lashoff is hit by Cody Beach and loses puck.
18:06 of 2nd period - Snap shot by Brian Lashoff.
18:06 of 2nd period - Shot Blocked by Joe Morrow.
18:08 of 2nd period - Slapshot by Brian Lashoff.
18:08 of 2nd period - Shot Misses the Net.
18:10 of 2nd period - Slapshot by Brian Lashoff.
18:10 of 2nd period - Stopped by Troy Grosenick with a rebound.
18:12 of 2nd period - Snap shot by Brody Sutter.
18:12 of 2nd period - Shot Misses the Net.
19:11 of 2nd period - Slapshot by Victor Bartley.
19:11 of 2nd period - Shot Misses the Net.
19:27 of 2nd period - Davis Drewiske is hit by Brody Sutter and loses puck.
19:51 of 2nd period - Jason Jaffray is hit by Ben Sexton and loses puck.
Goals for this period are 0 for Admirals NSH vs 1 for Reign.
Shots for this period are 11 for Admirals NSH vs 9 for Reign.

3rd period


0:01 of 3rd period - Andrew Desjardins wins face-off versus Tom Kostopoulos in neutral zone.
0:51 of 3rd period - Brian Lashoff is hit by Brian McGrattan and loses puck.
0:58 of 3rd period - Wrist shot by Jason Jaffray.
0:58 of 3rd period - Deflect By Brett Olson.
0:58 of 3rd period - Stopped by Chad Johnson without a rebound.
0:59 of 3rd period - Wade Megan wins face-off versus Brett Olson in Admirals NSH zone.
0:59 of 3rd period - Wade Megan is hit by Brett Olson.
1:25 of 3rd period - Slapshot by Nikita Nesterov.
1:25 of 3rd period - Stopped by Troy Grosenick without a rebound.
1:26 of 3rd period - Brody Sutter wins face-off versus William Karlsson in Reign zone.
1:46 of 3rd period - Michael Pelech beats up Taylor Doherty.
1:46 of 3rd period - Penalty to Taylor Doherty for Fighting.
1:46 of 3rd period - Penalty to Michael Pelech for Fighting.
1:46 of 3rd period - Penalty to Taylor Doherty for instigated a fight.
1:46 of 3rd period - Penalty to Taylor Doherty for instigated a fight.
1:47 of 3rd period - William Karlsson wins face-off versus Andrew Desjardins in Admirals NSH zone.
1:56 of 3rd period - Snap shot by Tom Kostopoulos.
1:56 of 3rd period - Stopped by Chad Johnson with a rebound.
2:10 of 3rd period - Slapshot by Brian Lashoff.
2:10 of 3rd period - Deflect By Mike Blunden.
2:10 of 3rd period - Shot Misses the Net.
2:10 of 3rd period - Puck is out of play.
2:11 of 3rd period - Pierre-Cedric Labrie wins face-off versus William Karlsson in Reign zone.
2:14 of 3rd period - Snap shot by Brody Sutter.
2:14 of 3rd period - Stopped by Troy Grosenick with a rebound.
2:16 of 3rd period - Snap shot by Brian Lashoff.
2:16 of 3rd period - Stopped by Troy Grosenick with a rebound.
2:18 of 3rd period - Slapshot by Victor Bartley.
2:18 of 3rd period - Deflect By Brody Sutter.
2:18 of 3rd period - Stopped by Troy Grosenick with a rebound.
2:48 of 3rd period - Wade Megan is hit by William Karlsson and loses puck.
2:57 of 3rd period - Wrist shot by William Karlsson.
2:57 of 3rd period - Deflect By Tom Kostopoulos.
2:57 of 3rd period - Stopped by Chad Johnson with a rebound.
3:15 of 3rd period - Slapshot by Nikita Nesterov.
3:15 of 3rd period - Stopped by Troy Grosenick with a rebound.
3:17 of 3rd period - Wrist shot by Wade Megan.
3:17 of 3rd period - Deflect By Andrew Desjardins.
3:17 of 3rd period - Shot Misses the Net.
3:17 of 3rd period - Puck is out of play.
3:18 of 3rd period - Mike Blunden wins face-off versus Teuvo Teravainen in Reign zone.
3:19 of 3rd period - Snap shot by Brian Lashoff.
3:19 of 3rd period - Deflect By Teuvo Teravainen.
3:19 of 3rd period - Stopped by Troy Grosenick with a rebound.
3:21 of 3rd period - Snap shot by Mike Blunden.
3:21 of 3rd period - Goal by Mike Blunden - Admirals NSH : 2 - Reign : 1.
3:22 of 3rd period - Andrew Desjardins wins face-off versus Brett Olson in neutral zone.
3:25 of 3rd period - Slapshot by Nikita Nesterov.
3:25 of 3rd period - Deflect By Mike Blunden.
3:25 of 3rd period - Stopped by Troy Grosenick without a rebound.
3:26 of 3rd period - Brett Olson wins face-off versus Andrew Desjardins in Reign zone.
3:38 of 3rd period - Mike Blunden is hit by Jason Jaffray and loses puck.
3:52 of 3rd period - Snap shot by Brian McGrattan.
3:52 of 3rd period - Shot Misses the Net.
3:54 of 3rd period - Backhand shot by Brian McGrattan.
3:54 of 3rd period - Stopped by Chad Johnson with a rebound.
3:56 of 3rd period - Wrist shot by Jason Jaffray.
3:56 of 3rd period - Stopped by Chad Johnson with a rebound.
4:12 of 3rd period - Brody Sutter is hit by Brian McGrattan.
4:58 of 3rd period - Slapshot by Joe Morrow.
4:58 of 3rd period - Shot Blocked by Victor Bartley.
5:16 of 3rd period - Wrist shot by Brody Sutter.
5:16 of 3rd period - Shot Misses the Net.
5:18 of 3rd period - Slapshot by Brian Lashoff.
5:18 of 3rd period - Shot Blocked by Joe Morrow.
5:24 of 3rd period - Slapshot by Brian Lashoff.
5:24 of 3rd period - Stopped by Troy Grosenick without a rebound.
5:25 of 3rd period - Teuvo Teravainen wins face-off versus Wade Megan in Reign zone.
5:28 of 3rd period - Slapshot by Tim Gleason.
5:28 of 3rd period - Stopped by Troy Grosenick with a rebound.
5:31 of 3rd period - Icing by Nathan Paetsch.
5:32 of 3rd period - Wade Megan wins face-off versus Teuvo Teravainen in Reign zone.
6:34 of 3rd period - Minor Penalty to Paul Bissonnette for Slashing.
6:35 of 3rd period - Tom Kostopoulos wins face-off versus Andrew Desjardins in Admirals NSH zone.
6:40 of 3rd period - Snap shot by Luke Gazdic.
6:40 of 3rd period - Shot Misses the Net.
6:42 of 3rd period - Slapshot by Joe Morrow.
6:42 of 3rd period - Shot Hit the Post.
6:46 of 3rd period - Penalty to Michael Pelech is over, Michael Pelech is back on ice.
6:52 of 3rd period - Wrist shot by Luke Gazdic.
6:52 of 3rd period - Shot Blocked by Victor Bartley.
6:54 of 3rd period - Slapshot by Joe Morrow.
6:54 of 3rd period - Stopped by Chad Johnson with a rebound.
6:56 of 3rd period - Slapshot by Joe Morrow.
6:56 of 3rd period - Stopped by Chad Johnson without a rebound.
6:57 of 3rd period - Brett Olson wins face-off versus Andrew Desjardins in Admirals NSH zone.
7:47 of 3rd period - Icing by Joe Morrow.
7:48 of 3rd period - Frazer McLaren wins face-off versus William Karlsson in Reign zone.
7:49 of 3rd period - Slapshot by Nikita Nesterov.
7:49 of 3rd period - Shot Blocked by Joe Morrow.
8:34 of 3rd period - Penalty to Paul Bissonnette is over, Paul Bissonnette is back on ice.
9:27 of 3rd period - Eric Faille is hit by Cody Beach.
9:56 of 3rd period - Snap shot by Brian Lashoff.
9:56 of 3rd period - Deflect By Michael Pelech.
9:56 of 3rd period - Stopped by Troy Grosenick without a rebound.
9:57 of 3rd period - Brody Sutter wins face-off versus William Karlsson in Reign zone.
10:25 of 3rd period - Icing by Joe Morrow.
10:26 of 3rd period - William Karlsson wins face-off versus Andrew Desjardins in Reign zone.
10:41 of 3rd period - Cody Beach is hit by Tim Gleason and loses puck.
11:21 of 3rd period - Slapshot by Jason Jaffray.
11:21 of 3rd period - Stopped by Chad Johnson with a rebound.
11:41 of 3rd period - Nathan Paetsch is hit by Brody Sutter and loses puck.
12:33 of 3rd period - Jason Jaffray is hit by Frazer McLaren.
12:36 of 3rd period - Off-side.
12:37 of 3rd period - Brett Olson wins face-off versus Wade Megan in neutral zone.
14:34 of 3rd period - Icing by Matej Stransky.
14:35 of 3rd period - Teuvo Teravainen wins face-off versus Andrew Desjardins in Reign zone.
15:16 of 3rd period - Wade Megan is hit by Nathan Paetsch.
15:46 of 3rd period - Slapshot by Matej Stransky.
15:46 of 3rd period - Stopped by Chad Johnson without a rebound.
15:47 of 3rd period - Teuvo Teravainen wins face-off versus Brody Sutter in Admirals NSH zone.
16:46 of 3rd period - 10 Minutes Misconduct Penalty to Taylor Doherty is over.
17:27 of 3rd period - Teuvo Teravainen is hit by Cameron Schilling and loses puck.
18:14 of 3rd period - Snap shot by Victor Bartley.
18:14 of 3rd period - Stopped by Troy Grosenick without a rebound.
18:15 of 3rd period - Brody Sutter wins face-off versus Brett Olson in Reign zone.
18:16 of 3rd period - Snap shot by Brian Lashoff.
18:16 of 3rd period - Shot Blocked by Joe Morrow.
18:22 of 3rd period - Michael Pelech is hit by Brian McGrattan.
18:32 of 3rd period - Pierre-Cedric Labrie is hit by Brett Olson.
18:53 of 3rd period - Slapshot by Teuvo Teravainen.
18:53 of 3rd period - Stopped by Chad Johnson with a rebound.
18:55 of 3rd period - Slapshot by Joe Morrow.
18:55 of 3rd period - Stopped by Chad Johnson without a rebound.
18:56 of 3rd period - John Anderson call a timeout for Reign.
18:56 of 3rd period - Wade Megan wins face-off versus Teuvo Teravainen in Admirals NSH zone.
19:01 of 3rd period - Wade Megan is hit by Tom Kostopoulos and loses puck.
19:51 of 3rd period - Mike Blunden is hit by Luke Gazdic and loses puck.
19:54 of 3rd period - Reign, Troy Grosenick is pulled from the net.
Goals for this period are 1 for Admirals NSH vs 0 for Reign.
Shots for this period are 12 for Admirals NSH vs 11 for Reign.